 Dungeon Crawl Stone Soup version 0.25.0-37-gb73750e0fb (webtiles) character file.

Game seed: 18252753269243066331

50 Ethylacetat the Poker (level 3, -3/28 HPs)
             Began as a Demonspawn Gladiator on July 8, 2020.
             Slain by a wight
             ... wielding a +3 hand axe of freezing
              (6 damage)
             ... on level 1 of the Dungeon.
             The game lasted 00:01:44 (1308 turns).

Ethylacetat the Poker (Demonspawn Gladiator)        Turns: 1308, Time: 00:01:45

Health: -3/28      AC:  4    Str: 15    XL:     3   Next: 55%
Magic:  3/3        EV: 12    Int:  9    God:
Gold:   72         SH:  0    Dex: 14    Spells: 2/2 levels left

rFire    . . .     SeeInvis .   a - +0 trident
rCold    . . .     Gourm    .   (no shield)
rNeg     . . .     Faith    .   b - +0 leather armour
rPois    .         Spirit   .   c - +0 helmet
rElec    .         Reflect  .   (no cloak)
rCorr    .         Harm     .   (no gloves)
MR       .....                  (no boots)
Stlth    +.........             (no amulet)
HPRegen  0.09/turn              (no ring)
MPRegen  0.08/turn              (no ring)

@: drained
A: powered by pain 1
a: no special abilities


You were on level 1 of the Dungeon.
You were not hungry.

You visited 1 branch of the dungeon, and saw 2 of its levels.

You collected 72 gold pieces.

Inventory:

Hand Weapons
 a - a +0 trident (weapon)
Missiles
 d - 3 throwing nets (quivered)
Armour
 b - a +0 leather armour (worn)
 c - a +0 helmet (worn)
Scrolls
 e - a scroll of identify {unknown}
 h - a scroll of teleportation {unknown}
 j - a scroll of noise {unknown}
 k - a scroll of magic mapping {unknown}
 l - a scroll of fear {unknown}
Potions
 i - 2 potions of curing {unknown}
Comestibles
 f - 4 rations


   Skills:
 + Level 2.7(1.9) Fighting
 * Level 3.8(2.9) Polearms
 - Level 1.7(0.9) Throwing
 - Level 2.6(1.8) Dodging


You had 2 spell levels left.
You didn't know any spells.
Your spell library was empty.

Dungeon Overview and Level Annotations

Branches:
Dungeon (2/15)

Altars:


Innate Abilities, Weirdness & Mutations

You sometimes gain a little power by taking damage.


Message History

HP restored.
You climb downwards.
The wight hits you but does no damage.
The wight hits you with a +3 hand axe of freezing.
You feel drained. The wight freezes you.
There is a stone staircase leading up here.
The wight hits you with a +3 mace!
The wight hits you with a +3 hand axe of freezing.
You feel drained. The wight freezes you.
You climb upwards.
There is a stone staircase leading down here.
The wight misses you. The wight barely misses you.
You hit the wight but do no damage. The wight hits you but does no damage.
You hit the wight but do no damage.
The wight hits you with a +3 hand axe of freezing!
* * * LOW HITPOINT WARNING * * *
The wight freezes you.
* * * LOW HITPOINT WARNING * * *
You hit the wight but do no damage.
The wight hits you with a +3 hand axe of freezing.
You die...

# ####### # #.....## #
#.##>..# # ###.##...# #
#####...@zz..############
##.......##...............
#...###...................
#.#.#.....#.......##...##.
#.#.#.##..#.#.....#8.).8#.
#.#.[.....#.#.....##...##.
#...#....##.#..##.##...###
#......####.#..##.##...##.
#......# #.......#8...⌠#.


You could see 2 wights.

Vanquished Creatures
  A gnoll (D:1)
  A worm (D:2)
  2 dart slugs (D:1)
  2 leopard geckos
  4 hobgoblins
  5 jackals (D:1)
  A quokka (D:2)
  3 bats
  2 frilled lizards (D:1)
  6 goblins
  A kobold (D:1)
28 creatures vanquished.

Notes
Turn   | Place    | Note
-------+----------+-------------------------------------------
     0 | D:1      | Ethylacetat the Demonspawn Gladiator began the quest for
                  | the Orb.
     0 | D:1      | Reached XP level 1. HP: 16/16 MP: 1/1
   212 | D:1      | Reached skill level 3 in Polearms
   332 | D:1      | Gained mutation: You sometimes gain a little power by
                  | taking damage. [demonic ancestry]
   332 | D:1      | Reached XP level 2. HP: 16/22 MP: 2/2
   764 | D:1      | Reached XP level 3. HP: 21/28 MP: 3/3
  1308 | D:1      | Slain by a wight

Illustrated notes

Levels and vault maps discovered:
D:1:      ebering_trefoil_twist, layout_basic, serial_corexii_hall,
          corexii_hall_statues_deadend, corexii_hall_statues_u,
          corexii_hall_statues_i, chequers_hall_statues_wall_a,
          corexii_item_surrounded_by_moat
D:2:      layout_basic, first_ration, minmay_cupped

Skill      XL: |  1 |
---------------+----+-----
Polearms       | 3 |  3.8
Fighting       | |  2.7
Throwing       | |  1.7
Dodging        | |  2.6

Action                   || total
-------------------------++-------
Melee: Trident           ||    97
 Stab: Sleeping          ||     1
  Eat: Chunk             ||     1
Armor: Leather armour    ||    19
Dodge: Dodged            ||    53
